 Dungeon Crawl Stone Soup version 0.29.1-15-g9cfb28693d (webtiles) character file.

Game seed: 1381788363424292354

1980 growler the Martial Artist (level 9, -1/78 HPs)
             Began as a Merfolk Transmuter on Mar 18, 2023.
             Was a Believer of Wu Jian.
             Slain by a sky beast (2 damage)
             ... on level 6 of the Dungeon.
             The game lasted 00:13:57 (6875 turns).

growler the Martial Artist (Merfolk Transmuter)     Turns: 6875, Time: 00:13:58

Health: -1/78      AC:  6    Str: 10    XL:     9   Next: 20%
Magic:  15/15      EV: 10    Int: 14    God:    Wu Jian [**....]
Gold:   295        SH:  0    Dex: 17    Spells: 6/16 levels left

rFire   x . .      SeeInvis .     - Unarmed
rCold   + + +      Faith    .   (shield currently unavailable)
rNeg    . . .      Spirit   .   (body armour currently unavailable)
rPois   +          Reflect  .   (helmet currently unavailable)
rElec   .          Harm     .   (cloak currently unavailable)
rCorr   .          Rampage  .   (gloves currently unavailable)
Will    .....                   (boots currently unavailable)
Stlth   ++........              (no amulet)
HPRegen 0.23/turn               (no ring)
MPRegen 0.14/turn               (no ring)

@: ice-form, wereblooded
A: freezing attack, boosted hp, large, (nimble swimmer 2), (mertail)
a: End Transformation, Renounce Religion, Wall Jump


You were on level 6 of the Dungeon.
You worshipped Wu Jian.
Wu Jian was pleased with you.
You were a creature of crystalline ice.
You visited 2 branches of the dungeon, and saw 7 of its levels.

You collected 295 gold pieces.

Inventory:

Armour
 a - a +0 robe
 f - a +0 pair of boots (melded)
 o - +0 steam dragon scales (melded)
 y - a +0 helmet
Jewellery
 m - a +6 ring of strength
 p - a ring of willpower
Wands
 n - a wand of flame (21)
 A - a wand of charming (9)
Scrolls
 h - 2 scrolls of noise {unknown}
 k - a scroll of enchant weapon {unknown}
 l - a scroll of amnesia
 q - 3 scrolls of enchant armour {unknown}
 r - a scroll of immolation
 s - 3 scrolls of teleportation
 u - a scroll of poison {unknown}
 v - a scroll of summoning {unknown}
 w - a scroll of acquirement {unknown}
 x - a scroll of vulnerability {unknown}
 z - a scroll of blinking {unknown}
 B - a scroll of butterflies {unknown}
 D - a scroll of identify
Potions
 b - a potion of berserk rage
 c - a potion of brilliance
 d - 2 potions of heal wounds {unknown}
 e - 2 potions of mutation
 g - 2 potions of curing {unknown}
 i - 2 potions of magic
 j - a potion of flight
 t - 2 potions of lignification
 C - a potion of resistance {unknown}


   Skills:
 + Level 3.6 Fighting
 - Level 2.6 Dodging
 + Level 10.6 Unarmed Combat
 - Level 4.0 Spellcasting
 + Level 5.8 Transmutations
 + Level 3.2 Ice Magic


You had 6 spell levels left.
You knew the following spells:

 Your Spells              Type           Power      Damage    Failure   Level
a - Beastly Appendage     Tmut           38%        N/A       1%          1
b - Wereblood             Tmut           19%        N/A       2%          2
c - Spider Form           Tmut/Pois      11%        N/A       17%         3
d - Ice Form              Ice/Tmut       15%        N/A       30%         4

Your spell library contained the following spells:

 Spells                   Type           Power      Damage    Failure   Level
 Passwall                 Tmut/Erth      9%         N/A       9%          2
 Sandblast                Erth           4%         2d4       19%         1
 Blade Hands              Tmut           9%         N/A       43%         5
 Portal Projectile        Hex/Tloc       4%         N/A       50%         3
 Stone Arrow              Conj/Erth      4%         3d7       50%         3
 Tukima's Dance           Hex            2%         N/A       50%         3
 Malign Gateway           Summ/Tloc      1%         N/A       100%        7
 Summon Horrible Things   Summ           1%         N/A       100%        8


Dungeon Overview and Level Annotations

Branches:
Dungeon (6/15)             Temple (1/1) D:4

Altars:
Ashenzari
Dithmenos
Elyvilon
Fedhas
Hepliaklqana
Kikubaaqudgha
Makhleb
Nemelex Xobeh
Qazlal
Ru
Sif Muna
Uskayaw
Vehumet
Wu Jian
Xom
Yredelemnul
Zin
The Shining One

Shops:
D:2 [

Annotations:
D:3 2 transporters, javelincjr's ghost, amateur DjCj
D:5 1 runed translucent door


Innate Abilities, Weirdness & Mutations

You are a creature of crystalline ice.
You have a powerful freezing melee attack.
Your maximum health is increased.
Your armour is entirely melded.
You are incapable of wielding weapons or throwing items.
((You are very nimble when in or above water. (Stealth+, EV+, Speed+++)))
((Your lower body shifts to a powerful aquatic tail in water.))


Message History

You howl as the wereblood boils in your veins!
You hear a shout!
The hound bites you.
You punch the hound! You freeze the hound.
The hound is almost dead.
An orc comes into view.
It is wielding a +2 short sword of venom.
The hound bites you. Something hits you but does no damage.
Unknown command.
You spin and attack the hound.
You punch the hound! You freeze the hound.
You feel a bit better.
You kill the hound!
The Council accepts your kill.
You spin and attack the orc warrior.
You punch the orc warrior! You freeze the orc warrior.
You feel a bit better.
You kill the orc warrior!
The Council accepts your kill. Something hits you. Something shocks you.
* * * LOW HITPOINT WARNING * * *
You see here a hound corpse.
Something hits you but does no damage. Something hits you but does no damage.
You hit something. You freeze something. Something hits you.
* * * LOW HITPOINT WARNING * * *
Something shocks you.
* * * LOW HITPOINT WARNING * * *
You barely miss something. Something hits you.
* * * LOW HITPOINT WARNING * * *
Something shocks you.
* * * LOW HITPOINT WARNING * * *
You barely miss something.
You howl as the wereblood boils in your veins!
You hit something. You freeze something. Something hits you but does no damage.
You closely miss something. Something hits you but does no damage.
You hit something but do no damage. Something hits you.
* * * LOW HITPOINT WARNING * * *
Something shocks you.
* * * LOW HITPOINT WARNING * * *
Unknown command.
It was a potion of magic.
Magic courses through your body. Something hits you.
You die...

... ##.#.#.##............ ....
## ##...##....###.##...
...:##. #..#..#....######...
.#...o.## ##...###..##[#.###.#
........#####.##.#...#....#...
........)..#...#..............
........†..##.##......##...#..
...#####....#.#........##..#.#
. #.....#Y#.......##....##
#..†#..#{#.......####..#
#..$..##...........## ####
##!.?# #...........# #../.
#....###....# #...#.
#....##.....## ...##
..............# ..#
#...##......#..# ....#
##.......##


There were no monsters in sight!

Vanquished Creatures
  A wyvern (D:5)
  2 steam dragons
  An orc warrior (D:6)
  An ice beast (D:6)
  2 ogres
  A phantom (D:5)
  3 necrophages
  5 scorpions
  2 jellies
  2 orc priests (D:5)
  4 hounds
  3 iguanas (D:5)
  7 orc wizards
  7 adders
  2 shadow imps (D:6)
  2 white imps (D:5)
  An ufetubus (D:5)
  A worm (D:2)
  5 dart slugs
  12 orcs
  16 ball pythons
  4 bats
  4 endoplasms
  3 giant cockroaches
  3 goblins
  7 hobgoblins
  A jackal (D:4)
  5 quokkas
  2 frilled lizards
  A goblin zombie (D:5)
  5 kobolds
  5 rats
120 creatures vanquished.

Vanquished Creatures (others)
  An orc wizard (D:4)
1 creature vanquished.

Grand Total: 121 creatures vanquished

Notes
Turn   | Place    | Note
-------+----------+-------------------------------------------
     0 | D:1      | growler the Merfolk Transmuter began the quest for the Orb.
     0 | D:1      | Reached XP level 1. HP: 15/15 MP: 3/3
   430 | D:1      | Reached XP level 2. HP: 3/21 MP: 5/5
   441 | D:1      | Learned a level 2 spell: Wereblood
  1018 | D:1      | Reached XP level 3. HP: 26/26 MP: 4/6
  1022 | D:1      | Learned a level 3 spell: Spider Form
  1917 | D:2      | Identified the +1 robe "Saov" {-Tele rElec Str+5}
  1942 | D:2      | Found Pefag's Armour Boutique.
  3017 | D:2      | Reached skill level 4 in Unarmed Combat
  3305 | D:3      | Noticed javelincjr's ghost (amateur DjCj)
  3322 | D:3      | Found a transporter.
  3410 | D:3      | Reached XP level 4. HP: 25/32 MP: 6/8
  3487 | D:3      | Found a transporter.
  3516 | D:3      | Found a faded altar of an unknown god.
  4038 | D:4      | Found a staircase to the Ecumenical Temple.
  4051 | Temple   | Entered the Ecumenical Temple
  4147 | Temple   | Became a worshipper of the Wu Jian Council
  4226 | D:4      | Reached XP level 5. HP: 27/37 MP: 7/9
  4359 | D:4      | Learned a level 4 spell: Ice Form
  4386 | D:4      | Reached skill level 5 in Unarmed Combat
  4475 | D:4      | Reached skill level 6 in Unarmed Combat
  4475 | D:4      | Reached XP level 6. HP: 34/43 MP: 6/10
  4929 | D:4      | Noticed a steam dragon
  4940 | D:4      | Killed a steam dragon
  4941 | D:4      | Reached skill level 7 in Unarmed Combat
  5003 | D:4      | Reached XP level 7. HP: 48/48 MP: 7/11
  5049 | D:4      | Reached skill level 8 in Unarmed Combat
  5402 | D:5      | Entered Level 5 of the Dungeon
  5453 | D:5      | Reached * piety under Wu Jian
  5457 | D:5      | Reached skill level 9 in Unarmed Combat
  5675 | D:5      | Reached XP level 8. HP: 45/54 MP: 9/12
  5751 | D:5      | Reached skill level 10 in Unarmed Combat
  5855 | D:5      | Reached skill level 1 in Ice Magic
  5952 | D:5      | Noticed a wyvern
  5956 | D:5      | Killed a wyvern
  6272 | D:5      | Found a runed translucent door.
  6273 | D:5      | Found a basalt altar of Yredelemnul.
  6572 | D:6      | Reached skill level 5 in Transmutations
  6691 | D:6      | Reached XP level 9. HP: 56/64 MP: 10/14
  6696 | D:6      | Reached ** piety under Wu Jian
  6874 | D:6      | HP: 1/78 [something (6)]
  6875 | D:6      | Slain by a sky beast

Illustrated notes

Levels and vault maps discovered:
D:1:      dpeg_arrival_shelter, layout_basic, minmay_shallow_snake_nest
D:2:      layout_basic, serial_shops, nicolae_shop_advertising_works
          [nicolae_subvault_shop_adworks]
D:3:      layout_loops_ring, shapermc_ecumenical_altar_ellora,
          gammafunk_ghost_arena, chequers_serial_rivers_small_a
D:4:      cheibrodos_barr_body, layout_gridville,
          minmay_temple_entry_sparse_star, minmay_a_box_with_orc_wizards_in_it
D:5:      layout_rooms, dk_yredelemnul_ordeal, minmay_chambers_of_fives
D:6:      minmay_spotlight, layout_cave_pools, amcnicky_mini_corridor_feature,
          minivault_23, hangedman_abyss_or_decor_lesser_grid,
          minmay_misc_feat_cross, minmay_circle_x
Temple:   minmay_temple_bridge_d

Skill      XL: |  1  2  3  4  5  6  7  8  9 |
---------------+----------------------------+-----
Transmutations | 3 4 5 |  5.8
Unarmed Combat | 4 6 7 9 10 | 10.6
Spellcasting   | 3 4 |  4.0
Ice Magic      | 2 3 |  3.2
Fighting       | 3 |  3.6
Dodging        | |  2.6

Action                   |  1- 3 |  4- 6 |  7- 9 || total
-------------------------+-------+-------+-------++-------
Melee: Unarmed           |   146 |    72 |   169 ||   387
       Headbutt          |    15 |     8 |     7 ||    30
       Punch             |     3 |     5 |     8 ||    16
 Cast: Beastly Appendage |    26 |    10 |    14 ||    50
       Spider Form       |     1 |     2 |     7 ||    10
       Wereblood         |       |     3 |     5 ||     8
       Ice Form          |       |       |     1 ||     1
Invok: Lunge             |       |     2 |     9 ||    11
       Whirlwind         |       |       |    10 ||    10
  Use: Scroll            |     3 |       |     4 ||     7
       Potion            |       |     1 |     1 ||     2
 Stab: Sleeping          |     2 |       |       ||     2
Armor: Robe              |    11 |       |       ||    11
       Steam dragon scal |       |    11 |    19 ||    30
       Skin              |       |    38 |    17 ||    55
Dodge: Dodged            |    80 |    55 |    71 ||   206
